[Event "Early-Titled-Tuesday-Blitz-September-26-2023"]
[Site "Chess.com"]
[Date "2023.09.26"]
[Round "7"]
[White "KVAIDAN"]
[Black "tandaleo"]
[Result "1-0"]
[WhiteElo "2295"]
[BlackElo "2507"]
[TimeControl "180+1"]
[EndTime "9:17:33 PDT"]
[Termination "KVAIDAN won by resignation"]

1. f4 e5 2. Nf3 exf4 3. d4 d5 4. Bxf4 Nf6 5. e3 Ne4 6. Bd3 Bf5 7. Nbd2 Nd7 8. c4 c6 9. cxd5 cxd5 10. Qa4 Be7 11. Bxe4 dxe4 12. Ne5 O-O 13. Nxd7 Bxd7 14. Qc2 Rc8 15. Qxe4 Bc6 16. Qf5 Bb4 17. Rd1 Bd7 18. Qh5 Bxd2+ 19. Rxd2 Rc1+ 20. Rd1 Rxd1+ 21. Qxd1 Qa5+ 22.
Qd2 Qxa2 23. O-O Bc6 24. Bd6 Re8 25. Be5 f6 26. Bf4 Qd5 27. b4 a6 28. Rc1 Re4 29.
Rc5 Qb3 30. d5 Bb5 31. d6 Qb1+ 32. Kf2 Rxb4 33. Qd5+ Kf8 34. Rc8+ Be8 35. Rxe8+ Kxe8 36. Qe6+ Kd8 37. Qe7+ 1-0

[Event "Early-Titled-Tuesday-Blitz-September-26-2023"]
[Site "Chess.com"]
[Date "2023.09.26"]
[Round "7"]
[White "Botvinnak"]
[Black "bennyficial"]
[Result "1-0"]
[WhiteElo "2313"]
[BlackElo "2130"]
[TimeControl "180+1"]
[EndTime "9:17:33 PDT"]
[Termination "Botvinnak won on time"]

1. Nf3 d5 2. g3 c6 3. d4 Bg4 4.
Bg2 Nf6 5. O-O Nbd7 6. Nbd2 e6 7. c4 Be7 8. b3 O-O 9. a4 a5 10. Ba3 Bxa3 11. Rxa3 c5 12. cxd5 exd5 13. h3 Bf5 14.
Nh4 Be6 15. Nhf3 Ne4 16. Ra1 Nc3 17. Qe1 Re8 18. e3 Ne4 19. Rc1 b6 20. Nh2 Bf5 21. Ndf3 Qb8 22. Qe2 h6 23. Rfd1 Nef6 24. Nf1 Be4 25.
N1d2 Bf5 26. Nb1 Qd6 27. Nc3 Be6 28. Nb5 Qb8 29. Nh4 Nf8 30. dxc5 Ne4 31. c6 Qc8 32. Kh2 Rd8 33. Nf3 Nd6 34. Nfd4 Nf5 35. Nxf5 Bxf5 36. Rd2 Ne6 37. Rcd1 Nc5 38. Rxd5 1-0

[Event "Early-Titled-Tuesday-Blitz-September-26-2023"]
[Site "Chess.com"]
[Date "2023.09.26"]
[Round "7"]
[White "Emp3rador"]
[Black "Aradhya2000"]
[Result "0-1"]
[WhiteElo "2526"]
[BlackElo "2701"]
[TimeControl "180+1"]
[EndTime "9:17:37 PDT"]
[Termination "Aradhya2000 won on time"]

1. e4 e5 2. Nf3 Nc6 3. d4 exd4 4.
Nxd4 Nf6 5. Nc3 Nxe4 6. Nxe4 Qe7 7. Nb5 Qxe4+ 8. Be2 Bb4+ 9. c3 Ba5 10. O-O O-O 11.
Bf3 Qh4 12. g3 Qf6 13. Be3 a6 14. Nd4 Bb6 15. Bg2 Nxd4 16. Bxd4 Bxd4 17. cxd4 d5 18.
Bxd5 Rd8 19. Qb3 c6 20. Bg2 Rxd4 21. Rae1 Qd8 22. Re5 Rb8 23. Rfe1 Be6 24. Qc3 Rd1 25. a3 Rxe1+ 26. Rxe1 Qd6 27. h4 Rd8 28. Qa5 h6 29.
Re3 Qd1+ 30. Kh2 Qd2 31. Qb6 Rd7 0-1

[Event "Early-Titled-Tuesday-Blitz-September-26-2023"]
[Site "Chess.com"]
[Date "2023.09.26"]
[Round "7"]
[White "Herman-NY"]
[Black "chezzgirl04"]
[Result "1-0"]
[WhiteElo "2498"]
[BlackElo "2182"]
[TimeControl "180+1"]
[EndTime "9:17:41 PDT"]
[Termination "Herman-NY won by resignation"]

1. e4 e5 2. Nf3 Nc6 3. Bb5 a6 4. Ba4 Nf6 5. O-O b5 6. Bb3 Bc5 7. d3 O-O 8. c3 h6 9. a4 Rb8 10.
axb5 axb5 11. d4 Bd6 12. dxe5 Bxe5 13. Nxe5 Nxe5 14. f4 Nc6 15. e5 Ne4 16. Qd5 Bb7 17.
Qxe4 Na5 18. Bd5 c6 19. Ba2 c5 20. Qe2 c4 21. Be3 Qc7 22. Nd2 d6 23. Bd4 dxe5 24. fxe5 Rbe8 25. Rae1 f6 26. e6 Re7 27. Bb1 Bd5 28.
Bf5 Rfe8 29. Qg4 1-0

[Event "Early-Titled-Tuesday-Blitz-September-26-2023"]
[Site "Chess.com"]
[Date "2023.09.26"]
[Round "7"]
[White "Rainbow2014"]
[Black "DanielTitichoca"]
[Result "1-0"]
[WhiteElo "2398"]
[BlackElo "2546"]
[TimeControl "180+1"]
[EndTime "9:17:43 PDT"]
[Termination "Rainbow2014 won by resignation"]

1. e4 e5 2. Nf3 Nc6 3. Bb5 a6 4. Ba4 Nf6 5. O-O b5 6. Bb3 Nxe4 7. d3 Nc5 8. Bd5 Be7 9. Nc3 O-O 10. Bxc6 dxc6 11.
Nxe5 Qd6 12. Bf4 Qf6 13. Bg3 Bd6 14. Re1 Bb7 15. d4 Ne6 16. Nd7 Qg6 17. Nxf8 Bxf8 18. Ne4 Rd8 19. c3 c5 20. Qf3 Ng5 21. Nf6+ Qxf6 22.
Qxb7 cxd4 23. Qxc7 dxc3 24. Be5 Qg6 25. Qxd8 Nh3+ 26.
Kf1 Qd3+ 27. Qxd3 1-0

[Event "Early-Titled-Tuesday-Blitz-September-26-2023"]
[Site "Chess.com"]
[Date "2023.09.26"]
[Round "7"]
[White "GradualismUnleashed"]
[Black "GMaka"]
[Result "1-0"]
[WhiteElo "2603"]
[BlackElo "2426"]
[TimeControl "180+1"]
[EndTime "9:17:45 PDT"]
[Termination "GradualismUnleashed won by resignation"]

1. e4 e6 2. d4 d5 3. Nc3 Bb4 4. e5 Ne7 5. a3 Bxc3+ 6. bxc3 c5 7. Qg4 Qc7 8. Qxg7 Rg8 9. Qxh7 cxd4 10. Ne2 dxc3 11. f4 Bd7 12. Qd3 Nbc6 13. Nxc3 a6 14. Bd2 O-O-O 15. h4 Nf5 16. Rh3 Ncd4 17. h5 Kb8 18. h6 Rg6 19. h7 Rh8 20. Rb1 Ka8 21. Rb4 Nb5 22. a4 Nxc3 23. Qxc3 Qxc3 24. Bxc3 Rg7 25.
Bd3 Rgxh7 26. Bxf5 exf5 27. e6 Rxh3 28. gxh3 Re8 29.
Be5 fxe6 30. a5 Bb5 31. Kf2 Re7 32. Rb1 Rh7 33. Kg3 b6 34. axb6 Kb7 35. Bc7 a5 36. Rxb5 Ka6 37. b7 1-0

[Event "Early-Titled-Tuesday-Blitz-September-26-2023"]
[Site "Chess.com"]
[Date "2023.09.26"]
[Round "7"]
[White "Elprofessor21"]
[Black "Oleksandr_Bortnyk"]
[Result "0-1"]
[WhiteElo "2633"]
[BlackElo "3027"]
[TimeControl "180+1"]
[EndTime "9:17:48 PDT"]
[Termination "Oleksandr_Bortnyk won by checkmate"]

1. Nf3 Nf6 2. d4 b6 3. g3 Bb7 4.
Bg2 g6 5. O-O Bg7 6. Nc3 O-O 7.
Re1 d5 8. Ne5 e6 9. Bg5 c5 10.
dxc5 bxc5 11. e4 d4 12. Na4 Qa5 13. b3 Nbd7 14. Nc4 Qc7 15. e5 Nd5 16. Bf4 Nxf4 17. gxf4 Bxg2 18. Kxg2 f6 19. Qg4 Qc6+ 20. Kg1 fxe5 21.
fxe5 Rf5 22. Nd6 Nxe5 23. Nxf5 Nf3+ 24. Kf1 Nxh2+ 25. Kg1 Nf3+ 26. Kf1 exf5 27. Qg2 Qa6+ 28.
Re2 d3 29. Qxf3 dxe2+ 30. Ke1 Re8 31. c3 Qd6 32. Rc1 Bh6 33. Rb1 Bd2# 0-1

[Event "Early-Titled-Tuesday-Blitz-September-26-2023"]
[Site "Chess.com"]
[Date "2023.09.26"]
[Round "7"]
[White "hakanazeri2"]
[Black "fastestmindalive"]
[Result "1-0"]
[WhiteElo "2613"]
[BlackElo "2700"]
[TimeControl "180+1"]
[EndTime "9:17:49 PDT"]
[Termination "hakanazeri2 won by resignation"]

1. Nf3 d5 2. d4 Nf6 3. c4 g6 4.
cxd5 Bg7 5. a3 O-O 6. e3 Nxd5 7. e4 Nb6 8. Nc3 f5 9. exf5 Bxf5 10. Be3 N8d7 11.
Bd3 Bxd3 12. Qxd3 Rxf3 13. gxf3 Ne5 14. Qe4 Nec4 15. Qe6+ Kh8 16. O-O-O c6 17. h4 Nd5 18. h5 Qb6 19. Na4 Qb3 20. hxg6 Nf6 21. Rxh7+ Nxh7 22. Rh1 1-0

[Event "Early-Titled-Tuesday-Blitz-September-26-2023"]
[Site "Chess.com"]
[Date "2023.09.26"]
[Round "7"]
[White "nicholas_ilic"]
[Black "Kostukov_Alex"]
[Result "0-1"]
[WhiteElo "2220"]
[BlackElo "2389"]
[TimeControl "180+1"]
[EndTime "9:17:54 PDT"]
[Termination "Kostukov_Alex won on time"]

1. e4 c5 2. Nf3 g6 3. d4 cxd4 4. Nxd4 Bg7 5. Nc3 Nc6 6. Be3 Nf6 7. Bc4 Qa5 8. O-O Qb4 9. Bb3 Nxe4 10. Nxc6 bxc6 11. Nxe4 Qxe4 12. c3 O-O 13. Re1 Qf5 14. Bd4 Bxd4 15. Qxd4 Qf6 16. Qxf6 exf6 17. Re7 a5 18.
Rae1 a4 19. Bc4 d5 20. Bd3 Be6 21. f4 Rfb8 22. f5 gxf5 23. Re2 c5 24. Rf2 a3 25.
bxa3 Rxa3 26. Bxf5 Bxf5 27. Rxf5 Rb1+ 28. Kf2 Rb2+ 29. Kg1 Raxa2 30. h3 Rxg2+ 0-1

[Event "Early-Titled-Tuesday-Blitz-September-26-2023"]
[Site "Chess.com"]
[Date "2023.09.26"]
[Round "7"]
[White "wild3000"]
[Black "Darko-Dimitrijevic"]
[Result "0-1"]
[WhiteElo "2284"]
[BlackElo "2176"]
[TimeControl "180+1"]
[EndTime "9:17:55 PDT"]
[Termination "Darko-Dimitrijevic won by checkmate"]

1. d4 Nf6 2. c4 e6 3. Nc3 Bb4 4.
Qc2 c5 5. e3 d6 6. Nf3 Nc6 7.
Be2 O-O 8. O-O e5 9. dxe5 dxe5 10. Rd1 Qe7 11. Nd5 Nxd5 12. cxd5 Nd8 13. a3 Ba5 14. e4 Bb6 15. Bg5 f6 16. Be3 Bg4 17. h3 Bxf3 18. Bxf3 Nf7 19. Rac1 Rac8 20. Be2 Nd6 21.
f3 Qd7 22. Bxc5 Bxc5+ 23. Qxc5 Rxc5 24. Rxc5 Rc8 25. Rdc1 Rxc5 26. Rxc5 Kf8 27. b4 Ke7 28. b5 Qd8 29. Kh2 Qb6 30. Rc2 Qe3 31. a4 Kd8 32. a5 Qb3 33. Rc1 Nxb5 34. Rc5 Nd4 35. Bf1 Qb4 36.
Rc4 Qxa5 37. h4 b5 38. Rc5 Qb6 39. Rc1 b4 40. Bd3 a5 41. Ra1 Qc5 42. Kg3 Kc7 43.
h5 Kb6 44. Kg4 Qc3 45. Rd1 a4 46. h6 gxh6 47. Kh5 a3 48. Kxh6 b3 49. Kg7 a2 50.
Kxf6 b2 51. d6 a1=Q 52. d7 Qa8 53. Rh1 Qf8+ 54. Kxe5 Qcc5# 0-1

[Event "Early-Titled-Tuesday-Blitz-September-26-2023"]
[Site "Chess.com"]
[Date "2023.09.26"]
[Round "7"]
[White "Katuducha"]
[Black "campochess"]
[Result "1-0"]
[WhiteElo "2198"]
[BlackElo "2174"]
[TimeControl "180+1"]
[EndTime "9:17:55 PDT"]
[Termination "Katuducha won on time"]

1. e4 c5 2. Nf3 Nc6 3. Bb5 e5 4. O-O Nge7 5. Re1 a6 6. Bf1 d6 7. c3 Ng6 8. d4 Qc7 9. h3 Be7 10. d5 Nb8 11. c4 O-O 12. a4 f5 13. exf5 Bxf5 14. Nc3 Nd7 15. Bg5 Nf6 16. Nh4 Nxh4 17. Bxh4 Rae8 18. g4 Bc8 19. Bg2 Kh8 20. Bg3 Ng8 21.
Ne4 Bd7 22. Qd3 Nh6 23. Rf1 Nf7 24. Qe3 b5 25. axb5 axb5 26. b3 b4 27. Ra6 Ra8 28.
Rfa1 Rxa6 29. Rxa6 Bc8 30. Ra8 Bb7 31. Rxf8+ Bxf8 32. f4 Qe7 33. fxe5 Nxe5 34. Qf4 Bc8 35. Nxd6 Nd3 36.
Nxc8 Qd8 37. Qc7 Qf6 38. d6 Qa1+ 39. Kh2 Qd4 40. d7 Nf2 41. d8=Q 1-0

[Event "Early-Titled-Tuesday-Blitz-September-26-2023"]
[Site "Chess.com"]
[Date "2023.09.26"]
[Round "7"]
[White "Ariadna_Atreides"]
[Black "zozik"]
[Result "0-1"]
[WhiteElo "2191"]
[BlackElo "2324"]
[TimeControl "180+1"]
[EndTime "9:17:57 PDT"]
[Termination "zozik won on time"]

1. d4 d5 2. Nf3 c5 3. dxc5 Nc6 4. a3 a5 5. c4 e6 6. cxd5 exd5 7. Nc3 Be6 8. Nd4 Bxc5 9. Nxe6 fxe6 10. e3 Nf6 11. Bd3 O-O 12. O-O e5 13. e4 d4 14. Ne2 Ne7 15.
Rb1 Ng6 16. b4 axb4 17. axb4 Bd6 18. Qb3+ Kh8 19. Bg5 Qd7 20. Ng3 Qg4 21. Bxf6 Rxf6 22. h3 Qg5 23. Ra1 Raf8 24. Nf5 Nf4 25. g3 Nxh3+ 26. Kh2 Nf4 27. Rh1 Nxd3 28. Qxd3 g6 29. Nxd6 Rxf2+ 30. Kg1 R2f3 31. Qxf3 Rxf3 32. Ra8+ Kg7 33.
Ne8+ Kf8 34. Rh5 Qxg3+ 0-1

[Event "Early-Titled-Tuesday-Blitz-September-26-2023"]
[Site "Chess.com"]
[Date "2023.09.26"]
[Round "7"]
[White "deribas12345"]
[Black "carokannlover213"]
[Result "0-1"]
[WhiteElo "2575"]
[BlackElo "2704"]
[TimeControl "180+1"]
[EndTime "9:17:59 PDT"]
[Termination "carokannlover213 won on time"]

1. d4 d6 2. c4 Nf6 3. Nc3 g6 4.
e4 Bg7 5. Nge2 O-O 6. Ng3 Nbd7 7. Be2 c5 8. d5 a6 9. a4 Qc7 10. O-O e6 11. f4 exd5 12. cxd5 Re8 13. e5 dxe5 14. f5 c4 15. Kh1 e4 16. fxg6 hxg6 17. Bf4 Qc5 18. Bg5 Rb8 19. a5 b5 20. axb6 Qxb6 21.
Bxc4 Qxb2 22. Rc1 e3 23. Nce2 Ng4 24. d6 Nf2+ 25. Rxf2 exf2 26. Bxf7+ Kxf7 27. Qd5+ Re6 28. Rf1 Rb5 29. Rxf2+ Bf6 30. Qc4 Rc5 31. Qh4 Kg8 32. Bxf6 Rxf6 33. Ne4 Rxf2 0-1

[Event "Early-Titled-Tuesday-Blitz-September-26-2023"]
[Site "Chess.com"]
[Date "2023.09.26"]
[Round "7"]
[White "Wizard_97"]
[Black "Francisco_Ferrari"]
[Result "1-0"]
[WhiteElo "2545"]
[BlackElo "2396"]
[TimeControl "180+1"]
[EndTime "9:18:00 PDT"]
[Termination "Wizard_97 won by resignation"]

1. e4 c5 2. Nf3 d6 3. d4 cxd4 4.
Nxd4 Nf6 5. Nc3 a6 6. Be3 e5 7.
Nb3 Be7 8. f3 Be6 9. Qd2 h5 10.
Nd5 Bxd5 11. exd5 Nbd7 12. O-O-O Nb6 13. Qa5 Nfd7 14. f4 exf4 15. Bxf4 O-O 16. Bd3 Bg5 17. Rhf1 Bxf4+ 18. Rxf4 Qg5 19. g3 Rac8 20. Kb1 g6 21. Be4 Nc4 22. Qb4 b5 23. Nd4 a5 24. Qxb5 Nxb2 25.
Qxb2 Rb8 26. Nb5 Rxb5 27. Qxb5 Rb8 28. Qxb8+ Nxb8 29. Rd3 Nd7 30. Ra3 Qd8 31. Bd3 Nc5 32.
Bb5 Qb6 33. c4 Qd8 34. Re3 Qg5 35. h4 Qd8 36. Re8+ Qxe8 37. Bxe8 1-0

[Event "Early-Titled-Tuesday-Blitz-September-26-2023"]
[Site "Chess.com"]
[Date "2023.09.26"]
[Round "7"]
[White "LileKoridze"]
[Black "HrvojeZagreb"]
[Result "0-1"]
[WhiteElo "2336"]
[BlackElo "2290"]
[TimeControl "180+1"]
[EndTime "9:18:01 PDT"]
[Termination "HrvojeZagreb won by resignation"]

1. d4 d5 2. c4 e6 3. Nf3 f5 4.
g3 c6 5. Bg2 Nf6 6. O-O Bd6 7. b3 O-O 8. Qc2 Ne4 9. Nbd2 b6 10. Bb2 Bb7 11. Ne5 Nd7 12. Ndf3 Rc8 13. Rad1 c5 14. dxc5 Ndxc5 15. e3 Qe7 16. Qb1 Bb8 17.
cxd5 Bxd5 18. Nd3 Nxd3 19. Rxd3 Nc5 20. Rdd1 Qb7 21. Ba1 Bxf3 22. Bxf3 Qxf3 23. Qb2 Rf7 24. b4 Ne4 25. Qb3 Re7 26. Rd7 Ng5 27. h4 Rxd7 28. hxg5 Rd5 29. Qb2 Be5 30. Qb3 Bxa1 0-1

[Event "Early-Titled-Tuesday-Blitz-September-26-2023"]
[Site "Chess.com"]
[Date "2023.09.26"]
[Round "7"]
[White "baki83"]
[Black "luizzy"]
[Result "1-0"]
[WhiteElo "2824"]
[BlackElo "2634"]
[TimeControl "180+1"]
[EndTime "9:18:02 PDT"]
[Termination "baki83 won by resignation"]

1. e4 e6 2. d4 d5 3. Nc3 Bb4 4. exd5 exd5 5. Bd3 Nf6 6. Ne2 O-O 7. O-O h6 8. Bf4 a6 9. a3 Bd6 10. Be5 Nc6 11. Bxf6 Qxf6 12. Nxd5 Qg5 13. Ne3 Bd7 14. c3 Rfe8 15. Qd2 Re7 16. f4 Qh4 17. g3 Qh3 18. Rf2 Na5 19. Bc2 Rae8 20. Nd5 Re6 21.
f5 Nc4 22. fxe6 Nxd2 23. exf7+ Kf8 24. fxe8=Q+ Kxe8 25.
Nef4 Qg4 26. Rxd2 c6 27. Ne3 Qg5 28. Re1 Kd8 29. Neg2 h5 30. Rf2 Bg4 31. Ne6+ Bxe6 32. Rxe6 Kd7 33. Re1 h4 34. Nxh4 Bxg3 35. hxg3 Qxg3+ 36. Ng2 1-0

[Event "Early-Titled-Tuesday-Blitz-September-26-2023"]
[Site "Chess.com"]
[Date "2023.09.26"]
[Round "7"]
[White "Barmen_EV"]
[Black "AleksandrAleksikov"]
[Result "1-0"]
[WhiteElo "2446"]
[BlackElo "2224"]
[TimeControl "180+1"]
[EndTime "9:18:02 PDT"]
[Termination "Barmen_EV won on time"]

1. e4 c5 2. c3 Nf6 3. e5 Nd5 4.
Nf3 Nc6 5. d4 cxd4 6. cxd4 d6 7.
Bc4 Nb6 8. Bxf7+ Kxf7 9. e6+ Kg8 10. d5 Ne5 11. Nxe5 dxe5 12. Nc3 g6 13. O-O Bg7 14. Qf3 Qf8 15. Qd3 Qf5 16. Qb5 h6 17. a4 Bxe6 18. dxe6 Qxe6 19. a5 Nc4 20. Qxb7 Kh7 21. b3 Nd6 22.
Qd5 Qf5 23. Ba3 Rhd8 24. Bxd6 exd6 25. Ne4 Rab8 26. Rfd1 Bf8 27. Rd3 Re8 28. Rf3 Qe6 29. Nf6+ Kh8 30. Nxe8 Qxd5 31. Rxf8+ Kh7 32. Nf6+ Kg7 33.
Nxd5 Kxf8 34. b4 Kf7 35. f3 Ke6 36. Rd1 Rb7 37. b5 Kd7 38. b6 axb6 39. Nxb6+ 1-0

[Event "Early-Titled-Tuesday-Blitz-September-26-2023"]
[Site "Chess.com"]
[Date "2023.09.26"]
[Round "7"]
[White "LeoLV10"]
[Black "CalinGheorghiu"]
[Result "0-1"]
[WhiteElo "2621"]
[BlackElo "2393"]
[TimeControl "180+1"]
[EndTime "9:18:04 PDT"]
[Termination "CalinGheorghiu won by resignation"]

1. e4 c5 2. Nf3 d6 3. d4 cxd4 4. Nxd4 Nf6 5. Nc3 a6 6. Bg5 e6 7.
f4 Be7 8. Qf3 Nbd7 9. O-O-O Qc7 10. g4 b5 11. Bxf6 Bxf6 12. Bxb5 Bb7 13. g5 Bxd4 14.
Bxd7+ Qxd7 15. Rxd4 Rc8 16. Rhd1 Rc6 17. Qd3 Ke7 18.
e5 d5 19. Nxd5+ exd5 20. Rxd5 Rxc2+ 21. Qxc2 Bxd5 22. Qc5+ Ke6 23. f5+ Kxe5 24. Re1+ Kxf5 25. Qf2+ Kg6 26. Re2 Rc8+ 27. Rc2 Rxc2+ 28. Qxc2+ Qf5 29. Qe2 Qxg5+ 30. Kc2 Qg2 0-1

[Event "Early-Titled-Tuesday-Blitz-September-26-2023"]
[Site "Chess.com"]
[Date "2023.09.26"]
[Round "7"]
[White "Artemiki"]
[Black "Balla_Tamas"]
[Result "0-1"]
[WhiteElo "2212"]
[BlackElo "2421"]
[TimeControl "180+1"]
[EndTime "9:18:04 PDT"]
[Termination "Balla_Tamas won on time"]

1. e4 c5 2. Nf3 Nc6 3. d4 cxd4 4. Nxd4 e5 5. Nb5 d6 6. N1c3 a6 7. Na3 b5 8. Nd5 Nge7 9. Bd3 Be6 10. c4 Nd4 11. Be3 bxc4 12. Bxc4 Nxd5 13. exd5 Bxd5 14. Bxd4 Bxc4 15. Nxc4 exd4 16. Qa4+ Ke7 17. O-O f6 18. Rfe1+ Kf7 19. Qc6 Be7 20. Qd5+ Kf8 21. Rxe7 Kxe7 22. Re1+ Kd7 23. Qxd6+ Kc8 24. Qc6+ Kb8 25. Nd6 Qc7 26.
Re8+ Rxe8 27. Qxe8+ Ka7 0-1

[Event "Early-Titled-Tuesday-Blitz-September-26-2023"]
[Site "Chess.com"]
[Date "2023.09.26"]
[Round "7"]
[White "Hrant_ChessMood"]
[Black "djano"]
[Result "1-0"]
[WhiteElo "2917"]
[BlackElo "2664"]
[TimeControl "180+1"]
[EndTime "9:18:05 PDT"]
[Termination "Hrant_ChessMood won by checkmate"]

1. d4 Nf6 2. c4 g6 3. Nc3 d5 4.
cxd5 Nxd5 5. e4 Nxc3 6. bxc3 Bg7 7. Nf3 c5 8. Bb5+ Nc6 9. O-O cxd4 10. cxd4 O-O 11. Bxc6 bxc6 12. Qc2 Bg4 13. Ne5 Bxe5 14. dxe5 Be6 15. Ba3 Re8 16. Qxc6 Qa5 17. Qc5 Qa4 18. Qe3 Rac8 19. h3 Rc4 20. Rfe1 Rec8 21. Bxe7 Rc3 22. Qh6 Qe8 23. Bf6 Qf8 24. Qh4 Rc2 25. Red1 h6 26. Rd6 Kh7 27. Rad1 Rc1 28. Rxc1 Rxc1+ 29. Kh2 Rc8 30. f4 Qe8 31. Bg5 h5 32. f5 Bxa2 33. e6 fxe6 34. fxg6+ Kxg6 35. Bf6 Kh7 36. Rd7+ Qxd7 37.
Qxh5+ Kg8 38. Qh8+ Kf7 39. Qg7+ Ke8 40. Qg8# 1-0

[Event "Early-Titled-Tuesday-Blitz-September-26-2023"]
[Site "Chess.com"]
[Date "2023.09.26"]
[Round "7"]
[White "YouShallNotPass001"]
[Black "Mystery2007"]
[Result "1-0"]
[WhiteElo "2337"]
[BlackElo "2470"]
[TimeControl "180+1"]
[EndTime "9:18:06 PDT"]
[Termination "YouShallNotPass001 won on time"]

1. Nf3 g6 2. e3 Bg7 3. Be2 d5 4. O-O Nf6 5. d4 O-O 6. c3 c5 7. dxc5 a5 8. a4 Na6 9. Bxa6 Rxa6 10. Nd4 Ne4 11. Nb3 Rc6 12. Na3 Nxc5 13. Nb5 e5 14.
Na7 Ra6 15. Nxc8 Qxc8 16. Qxd5 Nxb3 17. Qxb3 e4 18. Rd1 Rd8 19. Bd2 Rad6 20. Be1 Rd3 21. Rxd3 exd3 22. Bd2 h5 23. Qb5 Qg4 24. h3 Qe2 25. Qxa5 Re8 26. c4 b6 27. Qb4 Be5 28.
Re1 Bh2+ 29. Kxh2 Qxf2 30. Qc3 Rd8 31. b4 h4 32. a5 Qg3+ 33. Kh1 bxa5 34. bxa5 g5 35.
Qf6 Rd7 36. Rf1 g4 37. Qf4 1-0

[Event "Early-Titled-Tuesday-Blitz-September-26-2023"]
[Site "Chess.com"]
[Date "2023.09.26"]
[Round "7"]
[White "levallem"]
[Black "Kostya0705"]
[Result "0-1"]
[WhiteElo "2371"]
[BlackElo "2589"]
[TimeControl "180+1"]
[EndTime "9:18:08 PDT"]
[Termination "Kostya0705 won by checkmate"]

1. d4 Nf6 2. Nf3 d5 3. e3 e6 4.
Bd3 c5 5. b3 Nc6 6. O-O b6 7.
Bb2 Bb7 8. Nbd2 Be7 9. Ne5 O-O 10.
f4 a5 11. g4 Qc8 12. g5 Nd7 13. Bxh7+ Kxh7 14. Qh5+ Kg8 15. g6 fxg6 16. Nxg6 Rf5 17. Qh3 Ba6 18. Rf2 Nf6 19. dxc5 Bxc5 20. Rg2 Kf7 21. Kh1 Qg8 22. Rag1 Rh5 23. Qf3 Qh7 24. Ne5+ Nxe5 25. fxe5 Rf5 26. Rxg7+ Qxg7 27. Rxg7+ Kxg7 28. exf6+ Kf7 29. Qh3 Rg8 30. Qh7+ Kf8 31. Qh6+ Ke8 32. c4 dxc4 33. bxc4 Bb7+ 34. e4 Rg1# 0-1

[Event "Early-Titled-Tuesday-Blitz-September-26-2023"]
[Site "Chess.com"]
[Date "2023.09.26"]
[Round "7"]
[White "yoelpolanco"]
[Black "Mr_Lion22"]
[Result "0-1"]
[WhiteElo "2332"]
[BlackElo "2471"]
[TimeControl "180+1"]
[EndTime "9:18:13 PDT"]
[Termination "Mr_Lion22 won on time"]

1. d4 Nf6 2. c4 g6 3. Nc3 d5 4.
cxd5 Nxd5 5. Nf3 Bg7 6. Qb3 Nb6 7. e4 O-O 8. Be3 Bg4 9. O-O-O e6 10. h3 Bxf3 11. gxf3 Nc6 12. h4 Nxd4 13. Qb4 c5 14.
Qxc5 Rc8 15. Bxd4 Rxc5 16. Bxc5 Qc7 17. Bd6 Qc8 18. Bxf8 Bxc3 19. Ba3 Bxb2+ 20. Kxb2 Na4+ 21. Kb3 Qc3+ 22. Kxa4 Qc2+ 23. Kb4 Qxd1 24. h5 Qxf3 25. Rh3 Qxf2 26. Bc4 Qd2+ 27. Rc3 a5+ 28. Kb3 a4+ 29. Kb4 Qd4 0-1

[Event "Early-Titled-Tuesday-Blitz-September-26-2023"]
[Site "Chess.com"]
[Date "2023.09.26"]
[Round "7"]
[White "blitzking1729"]
[Black "Mikhail_Golubev"]
[Result "1-0"]
[WhiteElo "2761"]
[BlackElo "2587"]
[TimeControl "180+1"]
[EndTime "9:18:18 PDT"]
[Termination "blitzking1729 won on time"]

1. d4 Nf6 2. c4 g6 3. g3 Bg7 4. Bg2 O-O 5. Nc3 d6 6. Nf3 Nbd7 7. O-O e5 8. e4 exd4 9. Nxd4 Re8 10. h3 a6 11. Re1 Rb8 12. Rb1 c5 13. Nc2 b5 14.
cxb5 axb5 15. Qxd6 Rb6 16. Qd1 b4 17. Nd5 Nxd5 18.
exd5 Rxe1+ 19. Qxe1 Ne5 20. Be3 Bxh3 21. Rd1 Bxg2 22.
Kxg2 Rd6 23. Bxc5 Rxd5 24. Ne3 Rxd1 25. Qxd1 Qxd1 26. Nxd1 Nd3 27. Bd6 f5 28. Kf3 Kf7 29. Ke2 Nxb2 30. Nxb2 Bxb2 31. Bxb4 Ke6 32. a4 Kd5 33. a5 h5 34. Bd2 Kc6 35. Ke3 Kb5 36. Kf4 Bf6 37. Be1 Ka6 38. Ke3 1-0

[Event "Early-Titled-Tuesday-Blitz-September-26-2023"]
[Site "Chess.com"]
[Date "2023.09.26"]
[Round "7"]
[White "Nasrin_Babayeva"]
[Black "Doudou2015"]
[Result "1-0"]
[WhiteElo "1901"]
[BlackElo "2167"]
[TimeControl "180+1"]
[EndTime "9:18:19 PDT"]
[Termination "Nasrin_Babayeva won on time"]

1. c4 e5 2. g3 Nf6 3. Bg2 d5 4. cxd5 Nxd5 5. Nf3 Nc6 6. Nc3 Nb6 7. d3 Bg4 8. Be3 Qd7 9. h3 Bf5 10. g4 Be6 11.
Rc1 Be7 12. a3 a5 13. Na4 Nd5 14. Bd2 O-O 15. O-O h5 16. Nc5 Bxc5 17. Rxc5 hxg4 18.
hxg4 Bxg4 19. Nxe5 Nxe5 20. Rxd5 Qe6 21. Bc3 Qg6 22.
Bxe5 Be6 23. Rd4 c5 24. Rd6 Rfd8 25. Rxd8+ Rxd8 26. Bg3 Rd4 27. Bxb7 Rg4 28. Bg2 Qh6 29. Qc1 1-0

[Event "Early-Titled-Tuesday-Blitz-September-26-2023"]
[Site "Chess.com"]
[Date "2023.09.26"]
[Round "7"]
[White "HATilay"]
[Black "ArtemDyachuk"]
[Result "0-1"]
[WhiteElo "2576"]
[BlackElo "2700"]
[TimeControl "180+1"]
[EndTime "9:18:21 PDT"]
[Termination "ArtemDyachuk won by resignation"]

1. d4 Nf6 2. c4 e6 3. Nc3 c5 4. d5 exd5 5. cxd5 d6 6. e4 g6 7. Nf3 Bg7 8. Nd2 O-O 9. Be2 Nbd7 10. O-O a6 11. a4 b6 12. Nc4 Qe7 13. Bf4 Ne5 14.
Bxe5 dxe5 15. Nxb6 Rb8 16. d6 Qb7 17. a5 Be6 18. f3 Rfd8 19. Qd3 c4 20. Nxc4 Qb4 21.
Nb6 Rxd6 22. Qxa6 Qxb2 23. Qa7 Rdd8 24. Qc7 Rbc8 25. Nxc8 Rxc8 26. Qb6 Qxc3 27. Rac1 Qxc1 28. Rxc1 Rxc1+ 29. Kf2 Bf8 30. Qb8 Nd7 31. Qd8 Kg7 32. a6 Bc5+ 33. Kg3 Bb6 34. Bb5 Bxd8 0-1

[Event "Early-Titled-Tuesday-Blitz-September-26-2023"]
[Site "Chess.com"]
[Date "2023.09.26"]
[Round "7"]
[White "TERMINATOR_PC"]
[Black "Khromkin"]
[Result "0-1"]
[WhiteElo "2542"]
[BlackElo "2380"]
[TimeControl "180+1"]
[EndTime "9:18:25 PDT"]
[Termination "Khromkin won by resignation"]

1. e4 c5 2. Nf3 Nc6 3. d4 cxd4 4. Nxd4 g6 5. c4 Bg7 6. Be3 Nf6 7. Nc3 Ng4 8. Qxg4 Nxd4 9. Qd1 Ne6 10. Rc1 Qa5 11. Qd2 b6 12. Qd5 Qxd5 13. cxd5 Nc5 14. f3 a5 15. Nb5 O-O 16. Rc2 d6 17. Nd4 Bd7 18. Be2 e6 19. dxe6 fxe6 20. Kd2 d5 21. exd5 Rad8 22. Kc1 exd5 23. Rd1 Rfe8 24. Bf2 Ne6 25.
Nxe6 Bxe6 26. Bxb6 Rc8 27. Bd4 Bf5 28. Bd3 Bxd4 29.
Bxf5 Be3+ 0-1

[Event "Early-Titled-Tuesday-Blitz-September-26-2023"]
[Site "Chess.com"]
[Date "2023.09.26"]
[Round "7"]
[White "h4parah5"]
[Black "lamomiajunior"]
[Result "1-0"]
[WhiteElo "2962"]
[BlackElo "2752"]
[TimeControl "180+1"]
[EndTime "9:18:26 PDT"]
[Termination "h4parah5 won on time"]

1. Nf3 d5 2. e3 Nf6 3. c4 e6 4. b3 c6 5. Bb2 Nbd7 6. Nc3 Bd6 7.
Qc2 O-O 8. Be2 Qe7 9. Rg1 e5 10. g4 d4 11. exd4 exd4 12. Nxd4 Nc5 13. O-O-O Be5 14.
Nf5 Bxf5 15. Qxf5 Bxc3 16. Bxc3 Qxe2 17. Qxc5 Ne4 18. Qe3 Nxc3 19. Qxc3 Qxf2 20. h3 a5 21. Rgf1 Qb6 22. a4 Rad8 23. Rf5 c5 24. Re1 Qc7 25.
Rfe5 b6 26. g5 Rd4 27. Qf3 Qd6 28. Re8 Qd7 29. Qa8 1-0